 Dungeon Crawl Stone Soup version 0.23-a0-359-g9beedce (webtiles) character file.

63 Garbasso the Chucker (level 3, -5/35 HPs)
             Began as a Troll Hunter on Oct 23, 2018.
             Slain by a gnoll
             ... wielding a +0 spear
              (7 damage)
             ... on level 2 of the Dungeon.
             The game lasted 00:04:31 (522 turns).

Garbasso the Chucker (Troll Hunter)                  Turns: 522, Time: 00:04:32

Health: -5/35      AC:  5    Str: 20    XL:     3   Next: 87%
Magic:  2/2        EV: 10    Int:  7    God:
Gold:   42         SH:  0    Dex: 11    Spells: 2/2 levels left

rFire    . . .     SeeInvis .     - Unarmed
rCold    . . .     Gourm    +   (no shield)
rNeg     . . .     Faith    .   b - +0 robe
rPois    .         Spirit   .   (helmet restricted)
rElec    .         Reflect  .   (no cloak)
rCorr    .         Harm     .   (gloves unavailable)
MR       .....                  (boots unavailable)
Stlth    +.........             (no amulet)
HPRegen  0.51/turn              (no ring)
MPRegen  0.08/turn              (no ring)

@: no status effects
A: large, unfitting armour, claws 3, fast metabolism 3, gourmand, regeneration
1, shaggy fur 1, tough skin 2
a: no special abilities


You were on level 2 of the Dungeon.
You were completely stuffed.

You visited 1 branch of the dungeon, and saw 2 of its levels.

You collected 42 gold pieces.

Inventory:

Missiles
 c - 5 large rocks {=f}
 d - 2 throwing nets (quivered)
Armour
 b - a +0 robe (worn)
Potions
 e - a potion of agility {unknown}
 g - a potion of heal wounds
Comestibles
 a - a chunk of flesh
 f - 2 rations


   Skills:
 + Level 2.2 Fighting
 - Level 3.6 Throwing
 + Level 2.2 Dodging
 - Level 0.3 Stealth
 * Level 2.3 Unarmed Combat


You had 2 spell levels left.
You didn't know any spells.
Your spell library was empty.

Dungeon Overview and Level Annotations

Branches:
Dungeon (2/15)

Altars:

Annotations:
D:2 Sigmund


Innate Abilities, Weirdness & Mutations

You are too large for most types of armour.
You have claws for hands.
Your metabolism is lightning-fast.
You like to eat raw meat.
Your natural rate of healing is unusually fast.
You are covered in fur. (AC +1)
You have very tough skin. (AC +2)


Message History

The gnoll is moderately wounded.
The gnoll hits you with a +0 spear.
You barely miss the gnoll.
The gnoll is moderately wounded.
The gnoll hits you with a +0 spear.
You barely miss the gnoll.
The gnoll is moderately wounded.
The gnoll hits you with a +0 spear.
* * * LOW HITPOINT WARNING * * *
You scratch the gnoll.
The gnoll is almost dead.
The gnoll hits you with a +0 spear!
* * * LOW HITPOINT WARNING * * *
You scratch the gnoll.
The gnoll is almost dead.
The gnoll barely misses you.
You scratch the gnoll but do no damage.
The gnoll is almost dead.
The gnoll hits you with a +0 spear!
You die...

#.##............
#####.##...)......##
#...[..#..........#
#.###.......<.....#
#.###.#.###########
#.#...#...
#.#!#.###.# #w..#...
.# #)#@###...#
...#.gr...##
#.#.###....# #w#.
...## # ## #..# #.#
..# .#


You could see a worm (wandering), a gnoll and a rat.

Vanquished Creatures
  2 gnolls (D:2)
  An ooze (D:1)
  A worm (D:2)
  A dart slug (D:1)
  A leopard gecko (D:2)
  3 ball pythons (D:1)
  6 bats
  2 giant cockroaches (D:1)
  4 goblins
  3 hobgoblins (D:1)
  4 kobolds (D:1)
  6 rats (D:1)
34 creatures vanquished.

Notes
Turn   | Place    | Note
-------+----------+-------------------------------------------
     0 | D:1      | Garbasso the Troll Hunter began the quest for the Orb.
     0 | D:1      | Reached XP level 1. HP: 19/19 MP: 0/0
    29 | D:1      | Reached skill level 1 in Unarmed Combat
    30 | D:1      | Reached XP level 2. HP: 16/28 MP: 1/1
   195 | D:1      | Reached XP level 3. HP: 32/35 MP: 2/2
   415 | D:2      | Noticed Sigmund
   520 | D:2      | HP: 1/35 [gnoll/+0 spear (9)]
   522 | D:2      | Slain by a gnoll

Vault maps used:
D:1:      ebering_trefoil_twist
D:2:      hangedman_abyss_or_decor_stabs, uniq_sigmund

Skill      XL: |  1  2  3 |
---------------+----------+-----
Unarmed Combat | 1 2 |  2.3
Fighting       | 2 |  2.2
Dodging        | 2 |  2.2
Throwing       | |  3.6
Stealth        | |  0.3

Action                   || total
-------------------------++-------
Melee: Unarmed           ||    91
  Use: Scroll            ||     3
  Eat: Chunk             ||    10
Armor: Robe              ||    41
Dodge: Dodged            ||    71

Table legend:
 A = Non-vault XP
 B = Vault XP
 C = Vault XP percentage of total XP
 D = Non-vault monster count
 E = Vault monster count
 F = Vault count percentage of total count
                 A         B        C        D         E       F
            +---------+---------+-------+---------+---------+-------
      Total |      90 |       0 |   0.0 |      34 |       0 |   0.0
            +---------+---------+-------+---------+---------+-------
        D:1 |      52 |       0 |   0.0 |      28 |       0 |   0.0
        D:2 |      38 |       0 |   0.0 |       6 |       0 |   0.0
            +---------+---------+-------+---------+---------+-------
